[Event "ICCopen2017"]
[Site "Internet Chess Club"]
[Date "2017.03.26"]
[Round "4"]
[White "aplusk"]
[Black "BlueJ"]
[Result "1-0"]
[ICCResult "Black resigns"]
[WhiteElo "2743"]
[BlackElo "2026"]
[Opening "QGD: exchange, positional line, 5...c6"]
[ECO "D35"]
[NIC "QO.16"]
[Time "19:41:30"]
[TimeControl "180+0"]

1. d4 Nf6 2. c4 e6 3. Nc3 d5 4. cxd5 exd5 5. Bg5 c6 6. e3 Bf5 7. Qf3 Bg6 8.
Bxf6 Qxf6 9. Qxf6 gxf6 10. Nge2 Nd7 11. Nf4 Bd6 12. f3 Nb6 13. Kf2 Bxf4 14.
exf4 O-O-O 15. b3 h5 16. h4 Bf5 17. Be2 Rhg8 18. Rag1 Bg6 19. g4 f5 20. g5
Rge8 21. Bd3 Kc7 22. Re1 Nc8 23. Re5 Nd6 24. Nd1 Rxe5 25. fxe5 Ne8 26. f4
Ng7 27. Ke3 b6 28. Nc3 Kd7 29. b4 Ne6 30. Rc1 Ke7 31. Ne2 Rc8 32. Ng3 Ng7
33. a4 Kd7 34. Ba6 Rc7 35. Rc3 Ne6 36. Bd3 c5 37. bxc5 bxc5 38. Rc2 cxd4+
39. Kf3 Rxc2 40. Bxc2 Nc5 41. Bxf5+ Kc6 42. Bh3 Be4+ 43. Ke2 d3+ 44. Ke3 Nb3
45. Nf1 Kc5 46. Nd2 d4+ 47. Kxe4 Nxd2+ 48. Kxd3 Nf3 49. e6 fxe6 50. g6 Nxh4
51. g7 Ng6 52. g8=Q Nxf4+ 53. Ke4 Nd5 54. Qc8+ {Black resigns} 1-0

[Event "ICCopen2017"]
[Site "Internet Chess Club"]
[Date "2017.03.26"]
[Round "4"]
[White "anakinnn"]
[Black "Eliezer"]
[Result "1-0"]
[ICCResult "Black checkmated"]
[WhiteElo "1215"]
[BlackElo "1498"]
[Opening "Hungarian defense"]
[ECO "C50"]
[NIC "IG.03"]
[Time "19:41:43"]
[TimeControl "180+0"]

1. e4 e5 2. Nf3 Nc6 3. Bc4 Be7 4. c3 Nf6 5. d3 d6 6. O-O h6 7. h3 O-O 8. b4
a6 9. a4 d5 10. exd5 Nxd5 11. Re1 Bf6 12. Be3 Nxe3 13. Rxe3 Re8 14. Nbd2 Bf5
15. Qe2 Qd6 16. Bb3 Rad8 17. Nc4 Qd7 18. Ncxe5 Nxe5 19. Nxe5 Bxe5 20. Rxe5
Rxe5 21. Qxe5 Bg6 22. d4 c6 23. Re1 Qd6 24. Qxd6 Rxd6 25. Re8+ Kh7 26. Re7
Kg8 27. Rxb7 Re6 28. Rb6 Re1+ 29. Kh2 Bh7 30. Rxa6 Be4 31. f3 Bd3 32. Rxc6
Bf1 33. Rc8+ Kh7 34. Bc2+ g6 35. g4 Re2+ 36. Kg1 Bxh3 37. Bd3 Re1+ 38. Kf2
Rd1 39. Be2 Rd2 40. Ke3 Rc2 41. Bd3 Rc1 42. Rc7 Kg7 43. a5 Re1+ 44. Kd2 Ra1
45. a6 Ra2+ 46. Ke3 Ra3 47. a7 h5 48. Be4 hxg4 49. fxg4 Bxg4 50. a8=Q Rxa8
51. Bxa8 Be6 52. b5 Kf6 53. b6 Bd5 54. Bxd5 Kf5 55. b7 Kg4 56. b8=Q f5 57.
Qg8 g5 58. Rg7 f4+ 59. Kf2 Kf5 60. Be6+ Ke4 61. Bd5+ Kd3 62. Rxg5 Kxc3 63.
Qc8+ Kxd4 64. Qc4# {Black checkmated} 1-0

[Event "ICCopen2017"]
[Site "Internet Chess Club"]
[Date "2017.03.26"]
[Round "4"]
[White "FiveCardDraw"]
[Black "ehkopean"]
[Result "1-0"]
[ICCResult "Black forfeits on time"]
[WhiteElo "1530"]
[BlackElo "1724"]
[Opening "Nimzo-Indian: Fischer variation, 5.Ne2"]
[ECO "E44"]
[NIC "NI.13"]
[Time "19:41:27"]
[TimeControl "180+0"]

1. d4 Nf6 2. c4 e6 3. Nc3 Bb4 4. e3 b6 5. Ne2 Bb7 6. Ng3 O-O 7. Bd3 Bxg2 8.
Rg1 Bb7 9. Nh5 g6 10. Nf4 Bxc3+ 11. bxc3 Be4 12. Bxe4 Nxe4 13. Qf3 d5 14. h4
Nd7 15. h5 Ndf6 16. hxg6 fxg6 17. Nxg6 hxg6 18. Rxg6+ Kf7 19. Qg2 Rg8 20.
Rxg8 Qxg8 21. Qh2 Rc8 22. f3 Qg3+ 23. Qxg3 Nxg3 24. Kf2 Rg8 25. cxd5 exd5
26. Bd2 Nf5 27. Re1 Nd6 28. Rh1 Rg7 29. Rh4 Rh7 30. Rf4 Ke6 31. Ke2 Rh2+ 32.
Kd3 Nc4 33. Be1 Rxa2 34. e4 Nb2+ 35. Ke3 Nd1+ 36. Kd3 dxe4+ 37. fxe4 Nb2+
38. Ke3 Nc4+ 39. Kd3 Na5 40. d5+ Ke5 41. Rf5+ Kd6 42. Rxf6+ Kd7 43. Rf7+ Kc8
44. Bg3 c5 45. dxc6 Rg2 46. Rc7+ Kd8 47. Be5 Rg5 48. Bf4 Rg4 49. Be5 Nb3 50.
Rxa7 Nc5+ 51. Kd4 Rg3 52. Ra8+ Ke7 53. Bb8 Nb3+ 54. Ke5 Rg5+ 55. Kf4 Rg6 56.
c7 Rf6+ 57. Kg5 Re6 58. c8=Q Re5+ 59. Qf5 Rxf5+ 60. Kxf5 Kd7 61. Kf4
{Black forfeits on time}
1-0

[Event "ICCopen2017"]
[Site "Internet Chess Club"]
[Date "2017.03.26"]
[Round "4"]
[White "tonychess2014"]
[Black "chesscomet"]
[Result "1-0"]
[ICCResult "Black forfeits on time"]
[WhiteElo "1792"]
[BlackElo "1491"]
[Opening "Pirc: Ufimtsev-Pytel variation"]
[ECO "B07"]
[NIC "PU.08"]
[Time "19:41:17"]
[TimeControl "180+0"]

1. e4 d6 2. d4 Nf6 3. Nc3 c6 4. f4 Qa5 5. Bd2 e5 6. fxe5 dxe5 7. dxe5 Ng4 8.
Be2 Nxe5 9. Nf3 Nxf3+ 10. Bxf3 Nd7 11. O-O Qb6+ 12. Kh1 Qxb2 13. Rb1 Qa3 14.
Rb3 Qd6 15. Qe2 Be7 16. Rd1 Qc7 17. g3 O-O 18. Bf4 Qa5 19. e5 Nc5 20. Ne4
Nxb3 21. axb3 Be6 22. Nd6 Rfd8 23. Nxb7 Rxd1+ 24. Qxd1 Qb6 25. Nd6 Rd8 26.
Qd3 Qc7 27. Qc3 g5 28. Be3 h6 29. Ne4 Bd5 30. g4 a5 31. h3 Bb4 32. Qb2 Bxe4
33. Bxe4 Rd1+ 34. Kg2 Re1 35. Qd4 Qe7 36. Bf2 Rb1 37. Bg3 Bc5 38. Qd3 Ra1
39. Bf2 Bxf2 40. Kxf2 a4 41. Kf3 axb3 42. cxb3 Ra3 43. Qc3 Ra8 44. Qxc6 Rd8
45. Qc3 Qd7 46. Kg3 Qe7 47. Bf5 Re8 48. Qd4 Qxe5+ 49. Qxe5 Rxe5 50. Kf3 Re3+
51. Kxe3 f6 52. Ke4 Kf7 53. Kd5 Kg7 54. b4 Kf7 55. b5 Ke7 56. b6 Kd8 57. b7
Kc7 58. Ke6 {Black forfeits on time} 1-0

[Event "ICCopen2017"]
[Site "Internet Chess Club"]
[Date "2017.03.26"]
[Round "4"]
[White "hectorlamadrid"]
[Black "DropZone"]
[Result "0-1"]
[ICCResult "White forfeits on time"]
[WhiteElo "1590"]
[BlackElo "2089"]
[Opening "Sicilian: Smith-Morra gambit"]
[ECO "B21"]
[NIC "SI.48"]
[Time "19:41:48"]
[TimeControl "180+0"]

1. e4 c5 2. d4 cxd4 3. c3 dxc3 4. Nxc3 e6 5. Nf3 a6 6. Bf4 Nc6 7. e5 Nge7 8.
Bd3 Ng6 9. Bg3 b5 10. h4 Qc7 11. O-O Ngxe5 12. Nxe5 Nxe5 13. Re1 f6 14. f4
Nxd3 15. Qxd3 Bc5+ 16. Kh1 Bb7 17. f5 e5 18. Rac1 Qb6 19. Ne4 Bd4 20. Red1
O-O 21. Rc2 Rac8 22. Rdc1 Rxc2 23. Rxc2 Rc8 24. Rxc8+ Bxc8 25. b3 Bb7 26.
Be1 Qc6 27. Nxf6+ gxf6 28. Qg3+ Kf7 29. Bb4 Qc1+ 30. Kh2 Qf4 31. Qxf4 exf4
32. Kh3 Be5 33. Bd2 h5 34. a3 Ke7 35. a4 Kd6 36. Bb4+ Kd5 37. Be7 Ke4 38.
axb5 axb5 39. b4 Kxf5 40. Bd8 Ke4 41. Be7 d5 42. g4 fxg3 43. Bd8 d4 44. Bb6
d3 45. Bg1 d2 46. Be3 d1=Q 47. Bf4 Qh1+ 48. Kxg3 Bxf4+ {White forfeits on
time} 0-1

[Event "ICCopen2017"]
[Site "Internet Chess Club"]
[Date "2017.03.26"]
[Round "4"]
[White "jncool68"]
[Black "garompon"]
[Result "0-1"]
[ICCResult "White forfeits on time"]
[WhiteElo "2822"]
[BlackElo "2611"]
[Opening "Queen's pawn: Torre attack"]
[ECO "A46"]
[NIC "QP.04"]
[Time "19:41:18"]
[TimeControl "180+0"]

1. d4 Nf6 2. Nf3 e6 3. Bg5 Be7 4. Nbd2 h6 5. Bxf6 Bxf6 6. c3 b6 7. e3 c5 8.
Bd3 O-O 9. Qe2 Bb7 10. a4 cxd4 11. exd4 a6 12. O-O d6 13. Be4 Bxe4 14. Nxe4
Nc6 15. Rfd1 d5 16. Ned2 Qc7 17. Re1 Qb7 18. Nb3 Be7 19. Ne5 Nxe5 20. dxe5
b5 21. axb5 axb5 22. Nd4 b4 23. Rad1 bxc3 24. bxc3 Rfc8 25. Rd3 Ra3 26. Qe3
Qb2 27. Ne2 Bc5 28. Qd2 Rb8 29. g3 Ra2 30. Rd1 Qa3 31. Qe1 Rbb2 32. R3d2 Bb6
33. Kg2 Ba5 34. Rxb2 Qxb2 35. Kf3 Qc2 36. Nf4 Bxc3 37. Qe2 Qxe2+ 38. Nxe2
Bxe5 39. Ng1 f6 40. Kg2 Kf7 41. Nf3 Bd6 42. Rc1 Ra7 43. Nd4 Rd7 44. Rc6 e5
45. Nf5 Ke6 46. g4 h5 47. h3 hxg4 48. hxg4 g6 49. Ng3 d4 50. f3 Kd5 51. Ra6
d3 52. Kf2 Bc5+ 53. Ke1 Rb7 54. Kd2 Kc4 55. Ra2 Bb4+ 56. Ke3 d2 57. Ke2 Rd7
58. Ra1 Kb3 59. Ne4 Kc2 60. Rd1 Rh7 61. Rf1 Rh2+ 62. Nf2 Bc5 63. f4 Rxf2+
64. Rxf2 Bxf2 65. Kxf2 d1=Q 66. fxe5 Qxg4 67. Ke3 Qf5 68. exf6 Qe5+ 69. Kf3
Qxf6+ 70. Kg3 Kd3 71. Kg2 Ke4 72. Kh2 Qf3 73. Kg1 Ke3 74. Kh2 Qg4
{White forfeits on time}
0-1

[Event "ICCopen2017"]
[Site "Internet Chess Club"]
[Date "2017.03.26"]
[Round "4"]
[White "LittleMaster"]
[Black "Kiketf"]
[Result "0-1"]
[ICCResult "White forfeits on time"]
[WhiteElo "2296"]
[BlackElo "1994"]
[Opening "French: exchange variation"]
[ECO "C01"]
[NIC "FR.01"]
[Time "19:41:45"]
[TimeControl "180+0"]

1. e4 e6 2. d4 d5 3. exd5 exd5 4. Nf3 Bd6 5. c3 Ne7 6. Bd3 O-O 7. O-O c6 8.
h3 Bf5 9. Re1 Bxd3 10. Qxd3 Nd7 11. Nbd2 Ng6 12. Nf1 Re8 13. Bg5 Qc7 14. Bd2
Bf4 15. Ne3 Nf6 16. Nf5 Ne4 17. Be3 Qd7 18. N5h4 Bxe3 19. Rxe3 Nf4 20. Qc2
g5 21. Rxe4 Rxe4 22. Nxg5 Ne2+ 23. Kh1 Rxh4 24. Qxe2 Qf5 25. Nf3 Rh6 26. Ne5
Re6 27. g4 Qe4+ 28. Qxe4 dxe4 29. Re1 c5 30. Nd7 cxd4 31. cxd4 Rd8 32. Nc5
Re7 33. Nxe4 Rxd4 34. Nf6+ Kf8 35. Nxh7+ Ke8 36. Nf6+ Kd8 37. Rc1 Rd6 38. g5
Re5 39. h4 Rd4 40. Kg2 Rxh4 41. Rd1+ Kc7 42. Rd7+ Kc6 43. Rxf7 Rxg5+ 44. Kf1
Rh1+ 45. Ke2 Re5+ 46. Kf3 Rf5+ 47. Ke4 Rxf2 48. Rf8 Re1+ 49. Kd3 Ref1 50.
Rc8+ Kb5 51. Ne4 Rf3+ 52. Kd4 Rd1+ 53. Ke5 Re1 54. Rc5+ Kb6 55. b4 Rfe3 56.
Rc4 Rxe4+ 57. Rxe4 Rxe4+ 58. Kxe4 Kb5 59. Kd3 Kxb4 60. Kc2 Ka3 61. Kb1 Kb4
62. Ka1 Kc3 63. Kb1 a5 64. Ka1 a4 65. Kb1 b5 66. Ka1 b4 67. Kb1 Kd3 68. Ka1
Kc3 69. Kb1 Kd4 70. a3 b3 71. Kb2 Kd5 72. Kb1 Kc5 73. Ka1 Kd6 74. Kb1 Ke5
75. Ka1 Kf5 76. Kb1 Kf4 77. Kb2 Kf3 78. Kb1 Kf2 79. Ka1 Kg2 80. Kb1 Kf1 81.
Ka1 Ke2 82. Kb1 Kd3 83. Ka1 Kc3 84. Kb1 b2 85. Ka2 Kc4 86. Kxb2 Kd3 87. Kb1
Kc3 88. Kc1 Kd3 89. Kb1 Kc3 90. Ka1 Kb3 91. Kb1 Kxa3 92. Ka1 Kb3 93. Kb1 Ka3
94. Ka1 Kb4 95. Kb1 Kc5 96. Ka1 Kc6 97. Kb1 Kb7 98. Ka2 Ka6 99. Ka3 Ka5 100.
Ka2 Kb4 101. Kb2 a3+ 102. Ka2 Ka4 103. Ka1 Kb3 104. Kb1 Kb4 105. Ka1 Ka4
{White forfeits on time}
0-1

[Event "ICCopen2017"]
[Site "Internet Chess Club"]
[Date "2017.03.26"]
[Round "4"]
[White "MasterMind"]
[Black "KnightWalker"]
[Result "1-0"]
[ICCResult "Black forfeits on time"]
[WhiteElo "1784"]
[BlackElo "1356"]
[Opening "Réti opening"]
[ECO "A11"]
[NIC "QP.09"]
[Time "19:41:33"]
[TimeControl "180+0"]

1. Nf3 d5 2. c4 c6 3. e3 Nf6 4. Nc3 e6 5. Qc2 Be7 6. b3 O-O 7. Bb2 Nbd7 8.
Be2 b6 9. g4 Bb7 10. Rg1 Ne8 11. O-O-O Nd6 12. cxd5 cxd5 13. Kb1 Rc8 14. d4
b5 15. Qd2 b4 16. Na4 Ne4 17. Qe1 Bc6 18. Nc5 Bxc5 19. dxc5 Ndxc5 20. Nd4 a5
21. Rc1 Bb7 22. f3 Nd6 23. g5 Ba6 24. Rxc5 Rxc5 25. Bxa6 Qb6 26. Bd3 e5 27.
Nf5 e4 28. fxe4 dxe4 29. Nxd6 exd3 30. Nc4 Qd8 31. Qd2 Rd5 32. Bd4 Qc8 33.
Qxd3 Rfd8 34. h4 Rxd4 35. exd4 Qh3 36. Qxh3 h6 37. gxh6 Kf8 38. hxg7+ Kg8
39. h5 {Black forfeits on time} 1-0

[Event "ICCopen2017"]
[Site "Internet Chess Club"]
[Date "2017.03.26"]
[Round "4"]
[White "ziggyalbert"]
[Black "Mephisto521"]
[Result "0-1"]
[ICCResult "White forfeits on time"]
[WhiteElo "1293"]
[BlackElo "1556"]
[Opening "French: advance, Paulsen attack"]
[ECO "C00"]
[NIC "FR.01"]
[Time "19:42:31"]
[TimeControl "180+0"]

1. e4 e6 2. Nf3 d5 3. e5 c5 4. c3 Nc6 5. d4 Nge7 6. Nbd2 Nf5 7. Bb5 cxd4 8.
cxd4 Qa5 9. Bxc6+ bxc6 10. O-O c5 11. Nb3 Qc7 12. dxc5 Bxc5 13. Nxc5 Qxc5
14. Qa4+ Bd7 15. Qg4 O-O 16. a3 Bb5 17. Re1 Rac8 18. b4 Qc4 19. Qxc4 Rxc4
20. Be3 Rc2 21. Bxa7 h6 22. Bc5 Ba4 23. Bxf8 Kxf8 24. Rac1 Ra2 25. Ra1 Rb2
26. Rec1 g5 27. Rc8+ Kg7 28. Ra8 d4 29. Rxa4 d3 30. Ra7 g4 31. Rd7 gxf3 32.
Rxd3 fxg2 33. Kxg2 Nh4+ 34. Kh3 Nf5 35. Rg1+ Kf8 36. Rd8+ Ke7 37. Ra8 Rb3+
38. Kg4 h5+ 39. Kxh5 Rh3+ 40. Kg4 Rh4+ 41. Kf3 Nd4+ 42. Ke3 Nc2+ 43. Kd2
Nxa3 44. Rxa3 Rd4+ {White forfeits on time} 0-1

[Event "ICCopen2017"]
[Site "Internet Chess Club"]
[Date "2017.03.26"]
[Round "4"]
[White "BUHO64"]
[Black "SeventhWill"]
[Result "0-1"]
[ICCResult "White forfeits on time"]
[WhiteElo "2011"]
[BlackElo "2564"]
[Opening "Sicilian: Najdorf, 6.Bg5"]
[ECO "B94"]
[NIC "SI.04"]
[Time "19:41:29"]
[TimeControl "180+0"]

1. e4 c5 2. Nf3 d6 3. d4 cxd4 4. Nxd4 Nf6 5. Nc3 a6 6. Bg5 Nbd7 7. Qd2 Qc7
8. O-O-O g6 9. f3 Bg7 10. g4 h5 11. gxh5 Rxh5 12. h4 Nb6 13. f4 Bg4 14. Be2
Bxe2 15. Qxe2 Rc8 16. e5 Kf8 17. exf6 exf6 18. Ne4 fxg5 19. fxg5 Nc4 20. Nf6
Bxf6 21. gxf6 Re8 22. Qd3 Re3 23. Qf1 b5 24. Qf4 Qc5 25. Rhf1 Qe5 26. Qg4
Kg8 27. c3 Kh7 28. Qd7 Qe8 29. Qg4 Re4 30. Qf3 Ne3 31. Rfe1 d5 32. Rd3 Nc4
33. Red1 a5 34. Qg3 b4 35. Nf3 bxc3 36. Rxc3 Re3 37. Ng5+ Kg8 38. Rxe3 Qxe3+
39. Qxe3 Nxe3 40. Re1 d4 41. Kd2 Rxh4 42. Nf3 Rf4 43. Ke2 Rxf6 44. Rc1 Nf5
45. Rc8+ Kg7 46. Ne5 Re6 47. Kd3 Rxe5 48. Rc7 Re3+ 49. Kd2 Re5 50. b4 Re3
51. Rb7 Ra3 52. Kd1 Rxa2 53. b5 Ra1+ 54. Kd2 Ra2+ 55. Kd3 Nd6 56. Kxd4 Nxb7
57. Kd5 Rb2 58. Kc6 a4 59. Kb6 a3 60. Ka6 a2 61. Kb6 a1=Q 62. Kc7 Qa4 63. b6
Qb5 64. Kb8 Qxb6 65. Kc8 Qe6+ 66. Kb8 Qe5+ {White forfeits on time} 0-1

[Event "ICCopen2017"]
[Site "Internet Chess Club"]
[Date "2017.03.26"]
[Round "4"]
[White "GYMEJR"]
[Black "BoldPlan"]
[Result "0-1"]
[ICCResult "White checkmated"]
[WhiteElo "1570"]
[BlackElo "1820"]
[Opening "Queen's pawn: London system"]
[ECO "A45"]
[NIC "QP.07"]
[Time "19:41:39"]
[TimeControl "180+0"]

1. d4 Nf6 2. Bf4 g6 3. e3 Bg7 4. c3 d6 5. Nf3 O-O 6. Bd3 Re8 7. Nbd2 Nc6 8.
h3 e5 9. Bg5 h6 10. Bxf6 Qxf6 11. d5 Nd8 12. e4 Qe7 13. g4 c6 14. c4 cxd5
15. cxd5 b6 16. Qe2 Nb7 17. O-O-O Nc5 18. Bc2 Ba6 19. Qe1 Rac8 20. Kb1 Nd3
21. Bxd3 Bxd3+ 22. Ka1 Rc2 23. Qe3 Ba6 24. Nb3 Re2 25. Qc1 Rc8 26. Qb1 Rxf2
27. Nfd2 Qg5 28. Rc1 Rxd2 29. Rxc8+ Bxc8 30. Qc1 Ba6 31. Nxd2 Qe3 32. Qc3
Qc5 33. Qxc5 bxc5 34. Rc1 Bd3 35. a3 f5 36. exf5 gxf5 37. Rc3 e4 38. Ka2
Bxc3 39. Kb3 Bxd2 40. Ka4 e3 41. b3 e2 42. b4 e1=Q 43. Ka5 cxb4 44. a4 b3#
{White checkmated}
0-1

[Event "ICCopen2017"]
[Site "Internet Chess Club"]
[Date "2017.03.26"]
[Round "4"]
[White "herbyeddy"]
[Black "Mormegil"]
[Result "1/2-1/2"]
[ICCResult "Game drawn because neither player has mating material"]
[WhiteElo "1493"]
[BlackElo "1704"]
[Opening "Sicilian defense"]
[ECO "B40"]
[NIC "SI.43"]
[Time "19:42:30"]
[TimeControl "180+0"]

1. e4 c5 2. Nf3 e6 3. g3 d5 4. exd5 exd5 5. Bg2 Nf6 6. O-O Nc6 7. Re1+ Be7
8. d4 O-O 9. dxc5 Bxc5 10. Nbd2 Ng4 11. Re2 Qb6 12. Qf1 Bf5 13. Nb3 Bxf2+
14. Rxf2 Nxf2 15. Qxf2 Bxc2 16. Qxb6 axb6 17. Nfd4 Be4 18. Bxe4 dxe4 19.
Nxc6 bxc6 20. Nd4 c5 21. Nf5 g6 22. Nd6 Rfd8 23. Bf4 f5 24. Kf2 Ra4 25. b3
Rd4 26. Nc4 b5 27. Ne5 R4d5 28. h4 Kg7 29. a4 bxa4 30. Rxa4 h6 31. Ra7+ Kf6
32. Ra6+ R8d6 33. Nd7+ Ke6 34. Rxd6+ Rxd6 35. Nxc5+ Kd5 36. Bxd6 Kxd6 37. b4
Kc6 38. Ke3 Kb5 39. Ne6 Kxb4 40. Nf8 g5 41. hxg5 hxg5 42. Ne6 f4+ 43. gxf4
gxf4+ 44. Nxf4 Kc4 45. Kxe4
{Game drawn because neither player has mating material}
1/2-1/2

[Event "ICCopen2017"]
[Site "Internet Chess Club"]
[Date "2017.03.26"]
[Round "4"]
[White "ShiningArmor"]
[Black "niftyleopard"]
[Result "1-0"]
[ICCResult "Black forfeits on time"]
[WhiteElo "1526"]
[BlackElo "1231"]
[Opening "KP: Indian opening"]
[ECO "C20"]
[NIC "KP.10"]
[Time "19:41:27"]
[TimeControl "180+0"]

1. e4 e5 2. d3 Nc6 3. h3 Bc5 4. Nf3 Nf6 5. Be2 O-O 6. O-O h6 7. c3 Bb6 8.
Kh1 Re8 9. Nh2 d6 10. f4 Qe7 11. f5 Bd7 12. Qe1 d5 13. Bf3 dxe4 14. dxe4 Qc5
15. Qg3 Kh8 16. Nd2 Rad8 17. Nb3 Qb5 18. Qh4 Kh7 19. Re1 Rh8 20. Ng4 Nxg4
21. Qxg4 Bf2 22. Re2 Bc8 23. Rxf2 Kg8 24. Be3 b6 25. Rff1 Rd3 26. Rae1 Rxe3
27. Rxe3 Qxf1+ 28. Kh2 Qf2 29. Rd3 Qe1 30. Rd1 Qe3 31. a4 Qf4+ 32. Qxf4 exf4
33. Nd2 g6 34. f6 Ne5 35. Be2 Kh7 36. Nb3 g5 37. Nd4 Kg6 38. Nb5 Kxf6 39.
Nxc7 Bb7 40. b3 Bxe4 41. Nb5 Bc2 42. Rd6+ Kf5 43. Nd4+ Ke4 44. Nxc2 Rc8 45.
Rd4+ Kf5 46. Ne1 Rxc3 47. Rd5 Rxb3 48. Nf3 Re3 49. Rd4 Ke6 50. Bc4+ Ke7 51.
Bd5 Kf8 52. Re4 Kg7 53. Rxe3 fxe3 54. Nxe5 e2 55. Bc4 {Black forfeits on
time} 1-0

[Event "ICCopen2017"]
[Site "Internet Chess Club"]
[Date "2017.03.26"]
[Round "4"]
[White "bythebook"]
[Black "Nc3-4Me"]
[Result "0-1"]
[ICCResult "White forfeits on time"]
[WhiteElo "1597"]
[BlackElo "1833"]
[Opening "KP: Colorado counter"]
[ECO "B00"]
[NIC "VO.05"]
[Time "19:42:07"]
[TimeControl "180+0"]

1. e4 Nc6 2. Nf3 f5 3. e5 d6 4. exd6 cxd6 5. d4 e6 6. c4 Nf6 7. Nc3 Be7 8.
Bd3 O-O 9. O-O e5 10. d5 Nb8 11. Bc2 Na6 12. a3 Nc5 13. b4 Nce4 14. Nxe4
Nxe4 15. Bxe4 fxe4 16. Nd2 Bf5 17. Re1 Bh4 18. g3 e3 19. Rxe3 Bg5 20. Re1
Qf6 21. Qe2 Bd3 22. Ne4 Bxe4 23. Bxg5 Qxg5 24. Qxe4 Rf4 25. Qe3 Raf8 26. Re2
Qg4 27. c5 Rf3 28. Qd2 e4 29. cxd6 e3 30. fxe3 Qf5 {White forfeits on time}
0-1

[Event "ICCopen2017"]
[Site "Internet Chess Club"]
[Date "2017.03.26"]
[Round "4"]
[White "GreyWarden"]
[Black "DreadHead"]
[Result "0-1"]
[ICCResult "White resigns"]
[WhiteElo "2006"]
[BlackElo "2434"]
[Opening "Robatsch (modern) defense"]
[ECO "B06"]
[NIC "KF.05"]
[Time "19:42:22"]
[TimeControl "180+0"]

1. e4 g6 2. d4 Bg7 3. Nc3 d6 4. Be3 Nf6 5. f3 O-O 6. Qd2 e5 7. Nge2 exd4 8.
Nxd4 Nc6 9. O-O-O Nxd4 10. Bxd4 Be6 11. g4 a6 12. g5 Nh5 13. Bxg7 Nxg7 14.
Ne2 b5 15. Kb1 Qe7 16. Ng3 Rad8 17. h4 d5 18. e5 Nf5 19. Nxf5 Bxf5 20. f4 c5
21. h5 d4 22. Bd3 Qe6 23. hxg6 fxg6 24. Qh2 Rd7 25. Bxf5 Qxf5 26. Rhf1 c4
27. Qe2 Rfd8 28. e6 Re7 29. Rfe1 d3 30. cxd3 cxd3 31. Qd2 Rxe6 32. Rxe6 Qxe6
33. a3 Rd7 34. Ka1 Qe2 35. Ka2 Qxd2 36. Rxd2 Kf7 37. a4 bxa4 38. Kb1 Ke6 39.
Kc1 Kf5 40. Rf2 d2+ 41. Kd1 Rd4 42. Rh2 Kxf4 43. Rxh7 Kxg5 44. Ra7 Rd6 45.
Rc7 Kf6 46. Rc4 g5 47. Rxa4 Kf5 48. Ra5+ Kf4 49. Ra4+ Kf3 50. Rc4 g4 51. Rc8
g3 52. Rf8+ Kg2 53. b4 Rd3 54. Rf6 Kh1 55. Rh6+ Kg1 56. Rxa6 g2 57. b5 Kf2
58. Rf6+ Rf3 59. Rxf3+ Kxf3 60. Kxd2 g1=Q 61. b6 Qxb6 {White resigns} 0-1

[Event "ICCopen2017"]
[Site "Internet Chess Club"]
[Date "2017.03.26"]
[Round "4"]
[White "mn8"]
[Black "JaqueMateus1"]
[Result "1-0"]
[ICCResult "Black checkmated"]
[WhiteElo "1973"]
[BlackElo "2320"]
[Opening "Petrov three knights game"]
[ECO "C42"]
[NIC "RG.01"]
[Time "19:41:47"]
[TimeControl "180+0"]

1. e4 e5 2. Nf3 Nf6 3. Nc3 Bb4 4. Bc4 O-O 5. O-O Bxc3 6. bxc3 d6 7. d3 Be6
8. Bb3 Nbd7 9. h3 h6 10. Re1 a5 11. a4 Nc5 12. Bxe6 fxe6 13. Be3 b6 14. Bxc5
bxc5 15. c4 Qe8 16. c3 Nh5 17. Qc2 Nf4 18. Kh2 Qg6 19. Rg1 Qh5 20. Qd1 Rab8
21. Ra2 Rf6 22. Rd2 Rg6 23. Ne1 Qxd1 24. Rxd1 Rb2 25. Rf1 Ra2 26. g3 Ne2 27.
Rb1 Nxc3 28. Rb7 Ne2 29. g4 Rf6 30. Rxc7 Nd4 31. Kg2 Rxa4 32. Rd7 Ra2 33.
Rxd6 a4 34. Ra6 a3 35. Ra5 Ne2 36. Rxc5 Ra1 37. Ra5 a2 38. c5 Nc3 39. Nc2
Rxf1 40. Kxf1 Rf7 41. c6 Rc7 42. Rc5 Nd1 43. Ke2 Nb2 44. Na1 Na4 45. Rc2 Nb6
46. Ke3 Nc8 47. Rxa2 Rxc6 48. Rc2 Kf8 49. Rxc6 Ne7 50. Rxe6 Kf7 51. Rxe5 Kf6
52. Rf5+ Nxf5+ 53. exf5 Ke5 54. d4+ Kf6 55. d5 Ke7 56. Ke4 Kd6 57. f4 Ke7
58. g5 Kd6 59. f6 gxf6 60. gxh6 Ke7 61. h7 Kf7 62. h8=Q f5+ 63. Kxf5 Ke7 64.
Qf6+ Kd7 65. Qe6+ Kc7 66. Qc6+ Kd8 67. Qb7 Ke8 68. Qc7 Kf8 69. Qh7 Ke8 70.
d6 Kd8 71. Qe7+ Kc8 72. Qc7# {Black checkmated} 1-0

[Event "ICCopen2017"]
[Site "Internet Chess Club"]
[Date "2017.03.26"]
[Round "4"]
[White "Alright2015"]
[Black "Ataraxia"]
[Result "1-0"]
[ICCResult "Black forfeits on time"]
[WhiteElo "2217"]
[BlackElo "1916"]
[Opening "Pirc: classical (two knights) system"]
[ECO "B08"]
[NIC "PU.10"]
[Time "19:41:49"]
[TimeControl "180+0"]

1. Nf3 Nf6 2. d4 d6 3. Nc3 g6 4. e4 Bg7 5. Be3 O-O 6. Qd2 Ng4 7. Bg5 f6 8.
Bc4+ e6 9. h3 Nxf2 10. Qxf2 fxg5 11. Qg3 Nc6 12. O-O-O Rxf3 13. gxf3 Nxd4
14. Rhg1 d5 15. exd5 exd5 16. Nxd5 Be6 17. Rxd4 Bxd4 18. Rd1 Bg7 19. Nxc7
Bxb2+ 20. Kxb2 Qxd1 21. Bxe6+ Kg7 22. Qe5+ Kh6 23. Nxa8 Qxf3 24. Bg4 Qf2 25.
Qh8 a5 26. Qc3 Qa7 27. Nc7 Qb6+ 28. Kc1 Qg1+ 29. Bd1 b6 30. Nd5 Qh1 31. Nf6
Kg7 32. Ng4+ Kf8 33. Qf6+ Ke8 34. Qe6+ Kd8 35. Nf6 Qb7 36. Bg4 Qh1+ 37. Kb2
Qb7 38. Qe8+ Kc7 39. Qd7+ Kb8 40. Qd8+ Ka7 41. Nd5 b5 42. Qxa5+ Kb8 43. Bf3
{Black forfeits on time}
1-0

[Event "ICCopen2017"]
[Site "Internet Chess Club"]
[Date "2017.03.26"]
[Round "4"]
[White "heartache"]
[Black "dynamo"]
[Result "0-1"]
[ICCResult "White checkmated"]
[WhiteElo "1046"]
[BlackElo "1722"]
[Opening "Sicilian defense"]
[ECO "B20"]
[NIC "SI.48"]
[Time "19:41:53"]
[TimeControl "180+0"]

1. e4 c5 2. Bc4 e6 3. d3 d6 4. Nf3 Be7 5. Nc3 a6 6. O-O b5 7. Bb3 Bb7 8. a3
Nc6 9. Ne2 Nf6 10. Ng3 Qc7 11. Re1 O-O-O 12. c4 h5 13. cxb5 axb5 14. a4 b4
15. Be3 h4 16. Ne2 Rdg8 17. Ng5 Ng4 18. Nxf7 Nxe3 19. fxe3 Nd8 20. Nxh8 Rxh8
21. Nf4 Kd7 22. Ng6 Rh6 23. Nxe7 Kxe7 24. Qg4 Kf7 25. Rf1+ Kg8 26. Rf3 Bc8
27. Raf1 Kh7 28. Rf7 Nxf7 29. Rxf7 Qxf7 30. Bc2 Bd7 31. e5 dxe5 32. d4+ g6
33. dxe5 h3 34. g3 Bc6 35. Be4 Bxe4 36. Qxe4 Rh5 37. a5 Qg7 38. a6 Rxe5 39.
Qh4+ Kg8 40. Qd8+ Qf8 41. Qd7 Rd5 42. Qxe6+ Qf7 43. Qxf7+ Kxf7 44. a7 Rd8
45. a8=Q Rxa8 46. Kf2 Ra2 47. Kf3 Rxb2 48. Kg4 Rxh2 49. e4 Rh1 50. Kg5 h2
51. Kf4 Rf1+ 52. Kg5 h1=Q 53. e5 Rf5+ 54. Kg4 Qf3+ 55. Kh3 Rh5#
{White checkmated}
0-1

[Event "ICCopen2017"]
[Site "Internet Chess Club"]
[Date "2017.03.26"]
[Round "4"]
[White "Spirals"]
[Black "JUGGERNOT"]
[Result "1-0"]
[ICCResult "Black forfeits on time"]
[WhiteElo "2194"]
[BlackElo "1862"]
[Opening "Scandinavian (center counter) defense"]
[ECO "B01"]
[NIC "VO.17"]
[Time "19:42:15"]
[TimeControl "180+0"]

1. e4 d5 2. e5 d4 3. Nf3 Bg4 4. Be2 Bxf3 5. Bxf3 c6 6. O-O e6 7. Re1 Ne7 8.
d3 Nd5 9. Nd2 Be7 10. Ne4 Nd7 11. Ng3 Qc7 12. Qe2 O-O 13. a3 Rae8 14. Bd2 f6
15. exf6 Bxf6 16. Ne4 e5 17. g3 Re7 18. Bg2 Rfe8 19. h4 Rf7 20. h5 h6 21.
Qg4 Kh8 22. Qg6 Nf8 23. Qg4 Nh7 24. Re2 Qe7 25. Rae1 Qf8 26. b4 a6 27. Nc5
Nc3 28. Bxc3 dxc3 29. Be4 Ng5 30. Bg6 Rfe7 31. Bxe8 Rxe8 32. Ne4 Nxe4 33.
Rxe4 Qf7 34. Qg6 Qd7 35. f4 Rf8 36. fxe5 Bg5 37. e6 Qd6 38. Kg2 Bd2 39. Rf1
Rxf1 40. Kxf1 Qe7 41. Qf7 Qg5 42. e7 {Black forfeits on time} 1-0